MAA
YAKIMA HOPS @ HELENA GRIZZLIES
05/18/2019
 
TOP OF THE 1ST
Yakima Hops batting - Pitching for Helena Grizzlies : RHP José Trujillo
Pitching: RHP José Trujillo
Batting: RHB Roberto Andrade 0-0: Called Strike
0-1: Ball
1-1: Ball
2-1: SINGLE (Groundball, 5D) (infield hit)
Batting: SHB Craig Barnes 0-0: Ball
Pickoff Throw by Catcher to First - Error! E2
Roberto Andrade to second
1-0: Called Strike
1-1: Ball
2-1: Called Strike
2-2: Ball
3-2: Foul Ball, location: 2F
3-2: Foul Ball, location: 2F
3-2: Base on Balls
Batting: RHB Miguel Fernández 0-0: Swinging Strike
0-1: Foul Ball, location: 2F
0-2: Ball
1-2: Ball
2-2: Foul Ball, location: 2F
2-2: Strikes out looking
Batting: RHB Gabriel Maldonado 0-0: Ball
1-0: Grounds into double play, 6-4-3 (Groundball, 6)
Top of the 1st over - 0 run(s), 1 hit(s), 1 error(s), 1 left on base; Yakima 0 - Helena 0
BOTTOM OF THE 1ST
Helena Grizzlies batting - Pitching for Yakima Hops : RHP Dave Mitchell
Pitching: RHP Dave Mitchell
Batting: RHB Curt Pope 0-0: Called Strike
0-1: Foul Ball, location: 2F
0-2: Strikes out looking
Batting: RHB David Ramírez 0-0: Called Strike
0-1: Foul Ball, location: 2F
0-2: Ball
1-2: Foul Ball, location: 2F
1-2: Ground out 4-3 (Groundball, 4M)
Batting: LHB Juan Hernández 0-0: Foul Ball, location: 2F
0-1: Foul Ball, location: 2F
0-2: Strikes out swinging
Bottom of the 1st over - 0 run(s), 0 hit(s), 0 error(s), 0 left on base; Yakima 0 - Helena 0
TOP OF THE 2ND
Yakima Hops batting - Pitching for Helena Grizzlies : RHP José Trujillo
Batting: SHB Brian Ray 0-0: Foul Ball, location: 2F
0-1: Ball
1-1: Swinging Strike
1-2: Strikes out swinging
Batting: RHB Chae-hyeong Kim 0-0: Ball
1-0: Foul Ball, location: 2F
1-1: Ball
2-1: Ground out 5-3 (Groundball, 5S)
Batting: RHB Rafael Najcrea 0-0: Ball
1-0: Swinging Strike
1-1: Foul Ball, location: 2F
1-2: Strikes out swinging
Top of the 2nd over - 0 run(s), 0 hit(s), 0 error(s), 0 left on base; Yakima 0 - Helena 0
BOTTOM OF THE 2ND
Helena Grizzlies batting - Pitching for Yakima Hops : RHP Dave Mitchell
Batting: RHB Pancho Salaedo 0-0: Fly out, F4 (Popup, 4M)
Batting: RHB Joe Chase 0-0: Ball
1-0: Swinging Strike
1-1: Foul Ball, location: 2F
1-2: Strikes out swinging
Batting: RHB Wilbur James 0-0: Swinging Strike
0-1: Ball
1-1: Called Strike
1-2: Ball
2-2: Strikes out swinging
Bottom of the 2nd over - 0 run(s), 0 hit(s), 0 error(s), 0 left on base; Yakima 0 - Helena 0
TOP OF THE 3RD
Yakima Hops batting - Pitching for Helena Grizzlies : RHP José Trujillo
Batting: SHB Carlos Sánchez 0-0: Ball
1-0: Fly out, F7 (Popup, 78S)
Batting: RHB Jim Allen 0-0: Ball
1-0: Ball
2-0: Ball
3-0: Called Strike
3-1: Foul Ball, location: 2F
3-2: Foul Ball, location: 2F
3-2: Foul Ball, location: 2F
3-2: Base on Balls
Batting: RHB Roberto Andrade 0-0: Called Strike
0-1: Ball
1-1: SINGLE (Groundball, 5)
Jim Allen to second
Batting: SHB Craig Barnes 0-0: Called Strike
0-1: Ball
1-1: Called Strike
1-2: SINGLE (Groundball, 56D)
Jim Allen to third
Roberto Andrade to second
Batting: RHB Miguel Fernández 0-0: Ball
1-0: Swinging Strike
1-1: Swinging Strike
1-2: Ball
2-2: SINGLE (Groundball, 6MD)
Jim Allen scores
Roberto Andrade to third
Craig Barnes to second
Runner from 3rd tries for Home, SAFE, no throw or cutoff
Batting: RHB Gabriel Maldonado 0-0: Fly out, F7 (Flyball, 7S)
Batting: SHB Brian Ray 0-0: Foul Ball, location: 2F
0-1: Ball
1-1: Ball
2-1: Ball
3-1: Foul Ball, location: 2F
3-2: Base on Balls
Craig Barnes to third
Miguel Fernández to second
Batting: RHB Chae-hyeong Kim 0-0: Called Strike
0-1: Foul Ball, location: 2F
0-2: Ball
1-2: Foul Ball, location: 2F
1-2: Ball
2-2: Ball
3-2: Fly out, F7 (Flyball, 7S)
Top of the 3rd over - 2 run(s), 3 hit(s), 0 error(s), 3 left on base; Yakima 2 - Helena 0
BOTTOM OF THE 3RD
Helena Grizzlies batting - Pitching for Yakima Hops : RHP Dave Mitchell
Batting: LHB José Alonso 0-0: Called Strike
0-1: Foul Ball, location: 2F
0-2: Fly out, F4 (Line Drive, 4)
Batting: RHB Emílio Ortíz 0-0: Called Strike
0-1: Ball
1-1: Ball
2-1: Called Strike
2-2: Ball
3-2: Strikes out swinging
Batting: RHB Jeremy Murphy 0-0: Called Strike
0-1: Fly out, F1 (Line Drive, 15S)
Bottom of the 3rd over - 0 run(s), 0 hit(s), 0 error(s), 0 left on base; Yakima 2 - Helena 0
TOP OF THE 4TH
Yakima Hops batting - Pitching for Helena Grizzlies : RHP José Trujillo
Batting: RHB Rafael Najcrea 0-0: Bunted foul
0-1: Ball
1-1: Foul Ball, location: 2F
1-2: Ball
2-2: Fly out, F9 (Flyball, 9LM)
Batting: SHB Carlos Sánchez 0-0: Ball
1-0: SINGLE (Groundball, 13S) (infield hit)
Batting: RHB Jim Allen 0-0: Ball
1-0: Called Strike
1-1: DOUBLE (Line Drive, 7LS)
Carlos Sánchez to third
Batting: RHB Roberto Andrade 0-0: Foul Ball, location: 2F
0-1: Ball
1-1: Ball
2-1: Ball
3-1: Base on Balls
Batting: SHB Craig Barnes 0-0: Ball
1-0: Fly out, F8 (Flyball, 8RM)
Runner from 3rd tags up, SCORES, no throw
Batting: RHB Miguel Fernández 0-0: Ball
1-0: Ball
2-0: Called Strike
2-1: Swinging Strike
2-2: Foul Ball, location: 2F
2-2: Foul Ball, location: 2F
2-2: Hit by Pitch
Jim Allen to third
Roberto Andrade to second
Batting: RHB Gabriel Maldonado 0-0: Ball
1-0: Ball
2-0: Called Strike
2-1: Ground out 5-3 (Groundball, 56)
Top of the 4th over - 1 run(s), 2 hit(s), 0 error(s), 3 left on base; Yakima 3 - Helena 0
BOTTOM OF THE 4TH
Helena Grizzlies batting - Pitching for Yakima Hops : RHP Dave Mitchell
Batting: RHB Curt Pope 0-0: Called Strike
0-1: Ball
1-1: Foul Ball, location: 2F
1-2: Strikes out swinging
Batting: RHB David Ramírez 0-0: Foul Ball, location: 2F
0-1: Foul Ball, location: 2F
0-2: Ground out 6-3 (Groundball, 6M)
Batting: LHB Juan Hernández 0-0: Ball
1-0: Called Strike
1-1: Foul Ball, location: 2F
1-2: Foul Ball, location: 2F
1-2: Foul Ball, location: 2F
1-2: SINGLE (Groundball, 6MD)
Batting: RHB Pancho Salaedo 0-0: Ground out 5-3 (Groundball, 5S)
Bottom of the 4th over - 0 run(s), 1 hit(s), 0 error(s), 1 left on base; Yakima 3 - Helena 0
TOP OF THE 5TH
Yakima Hops batting - Pitching for Helena Grizzlies : RHP José Trujillo
Batting: SHB Brian Ray 0-0: Foul Ball, location: 2F
0-1: Ball
1-1: Fly out, F8 (Flyball, 8LXD)
Batting: RHB Chae-hyeong Kim 0-0: Ball
1-0: SINGLE (Line Drive, 56D)
Batting: RHB Rafael Najcrea 0-0: Ball
1-0: Ball
2-0: Ball
3-0: Called Strike
3-1: Called Strike
3-2: Base on Balls
Chae-hyeong Kim to second
Pitching: RHP Lou Armstrong
Batting: SHB Carlos Sánchez 0-0: SINGLE (Groundball, 6M)
Chae-hyeong Kim to third
Rafael Najcrea to second
Batting: RHB Jim Allen 0-0: Ball
1-0: Called Strike
1-1: Ball
2-1: SINGLE (Groundball, 56D)
Chae-hyeong Kim scores
Rafael Najcrea to third
Carlos Sánchez to second
Runner from 3rd tries for Home, SAFE, throw made at trailing runner, SAFE at third!
Batting: RHB Roberto Andrade 0-0: Called Strike
0-1: Called Strike
0-2: Strikes out swinging
Batting: SHB Craig Barnes 0-0: Ball
1-0: Foul Ball, location: 2F
1-1: Fly out, F8 (Flyball, 78M)
Top of the 5th over - 2 run(s), 3 hit(s), 0 error(s), 2 left on base; Yakima 5 - Helena 0
BOTTOM OF THE 5TH
Helena Grizzlies batting - Pitching for Yakima Hops : RHP Dave Mitchell
Batting: RHB Joe Chase 0-0: Ball
1-0: Foul Ball, location: 2F
1-1: Ball
2-1: Ball
3-1: SOLO HOME RUN (Flyball, 7D), Distance : 350 ft
Batting: RHB Wilbur James 0-0: Ball
1-0: SOLO HOME RUN (Line Drive, 78XD), Distance : 395 ft
Batting: LHB José Alonso 0-0: Called Strike
0-1: Swinging Strike
0-2: Ball
1-2: Strikes out swinging
Batting: RHB Emílio Ortíz 0-0: Ball
1-0: Foul Ball, location: 2F
1-1: Ball
2-1: Ball
3-1: Base on Balls
Batting: RHB Jeremy Murphy 0-0: Called Strike
0-1: SINGLE (Groundball, 56D)
Emílio Ortíz to second
Batting: RHB Curt Pope 0-0: Ball
1-0: Foul Ball, location: 2F
1-1: Called Strike
1-2: Ground out 5-3 (Groundball, 15S)
Emílio Ortíz to third
Jeremy Murphy to second
Batting: RHB David Ramírez 0-0: Fly out, F7 (Line Drive, 78S)
Bottom of the 5th over - 2 run(s), 3 hit(s), 0 error(s), 2 left on base; Yakima 5 - Helena 2
TOP OF THE 6TH
Yakima Hops batting - Pitching for Helena Grizzlies : RHP Lou Armstrong
Batting: RHB Miguel Fernández 0-0: Called Strike
0-1: Called Strike
0-2: Strikes out swinging
Batting: RHB Gabriel Maldonado 0-0: Ball
1-0: Ball
2-0: SINGLE (Line Drive, 4M)
Batting: SHB Brian Ray 0-0: Ball
Pickoff Throw by Catcher to First - Error! E2
Gabriel Maldonado to second
1-0: Intentional Walk
Batting: RHB Chae-hyeong Kim 0-0: Swinging Strike
0-1: Ball
1-1: Swinging Strike
1-2: Ball
Reached via error on a dropped throw, E4
Gabriel Maldonado to third
Brian Ray to second
Batting: RHB Rafael Najcrea 0-0: Called Strike
0-1: Swinging Strike
0-2: Foul Ball, location: 2F
0-2: SINGLE (Line Drive, 4M)
Gabriel Maldonado scores
Brian Ray to third
Chae-hyeong Kim to second
Runner from 3rd tries for Home, SAFE, throw made home
Chae-hyeong Kim to third
Rafael Najcrea to second
Pitching: LHP Gian Turicchia
Batting: SHB Carlos Sánchez 0-0: Hit by Pitch
Batting: RHB Jim Allen 0-0: GRAND SLAM HOME RUN (Flyball, 7D), Distance : 359 ft
Pitching: RHP Nick Blount
Batting: RHB Roberto Andrade 0-0: Called Strike
0-1: Foul Ball, location: 2F
0-2: Strikes out looking
Batting: SHB Craig Barnes 0-0: Swinging Strike
0-1: Ground out 4-3 (Groundball, 4)
Top of the 6th over - 6 run(s), 3 hit(s), 2 error(s), 0 left on base; Yakima 11 - Helena 2
BOTTOM OF THE 6TH
Helena Grizzlies batting - Pitching for Yakima Hops : RHP Dave Mitchell
Batting: LHB Juan Hernández 0-0: Called Strike
0-1: Ball
1-1: Ground out U3 (Groundball, 3)
Batting: RHB Pancho Salaedo 0-0: Ball
1-0: Called Strike
1-1: Ball
2-1: Swinging Strike
2-2: SINGLE (Line Drive, 4M)
Batting: RHB Joe Chase 0-0: Ball
1-0: Called Strike
1-1: Ball
2-1: Called Strike
2-2: Foul Ball, location: 2F
2-2: Fly out, F4 (Popup, 4M)
Batting: RHB Wilbur James 0-0: Called Strike
0-1: Foul Ball, location: 2F
0-2: Strikes out swinging
Bottom of the 6th over - 0 run(s), 1 hit(s), 0 error(s), 1 left on base; Yakima 11 - Helena 2
TOP OF THE 7TH
Yakima Hops batting - Pitching for Helena Grizzlies : RHP Nick Blount
Batting: RHB Miguel Fernández 0-0: Ball
1-0: SINGLE (Groundball, 34S)
Batting: RHB Gabriel Maldonado 0-0: Foul Ball, location: 2F
0-1: Ball
1-1: Called Strike
1-2: Strikes out looking
Batting: SHB Brian Ray 0-0: Ball
1-0: Foul Ball, location: 2F
1-1: Called Strike
1-2: Ball
2-2: Ball
3-2: SINGLE (Line Drive, 34D)
Miguel Fernández to second
Batting: RHB Chae-hyeong Kim 0-0: Called Strike
0-1: Foul Ball, location: 2F
0-2: Strikes out swinging
Batting: RHB Rafael Najcrea 0-0: Foul Ball, location: 2F
0-1: Ball
1-1: Ball
2-1: Swinging Strike
2-2: Ball
3-2: Strikes out swinging
Top of the 7th over - 0 run(s), 2 hit(s), 0 error(s), 2 left on base; Yakima 11 - Helena 2
BOTTOM OF THE 7TH
Helena Grizzlies batting - Pitching for Yakima Hops : RHP Dave Mitchell
Batting: LHB José Alonso 0-0: Called Strike
0-1: Ball
1-1: Swinging Strike
1-2: Ball
2-2: TRIPLE (Line Drive, 89M)
Batting: RHB Emílio Ortíz 0-0: Called Strike
0-1: Ball
1-1: Reached on error, E5 (Groundball, 5S)
José Alonso scores
Batting: RHB Jeremy Murphy 0-0: Ball
1-0: Foul Ball, location: 2F
1-1: Swinging Strike
1-2: Ball
2-2: Strikes out looking
Batting: RHB Curt Pope 0-0: Swinging Strike
0-1: Ball
1-1: Ball
2-1: Ball
3-1: Base on Balls
Emílio Ortíz to second
Batting: RHB David Ramírez 0-0: Foul Ball, location: 2F
0-1: Called Strike
0-2: Foul Ball, location: 2F
0-2: Strikes out swinging
Pitching: LHP Francisco López
Batting: LHB Juan Hernández 0-0: Ball
1-0: Ball
2-0: Called Strike
2-1: Ground out 4-3 (Groundball, 4)
Bottom of the 7th over - 1 run(s), 1 hit(s), 1 error(s), 2 left on base; Yakima 11 - Helena 3
TOP OF THE 8TH
Yakima Hops batting - Pitching for Helena Grizzlies : RHP Nick Blount
Batting: SHB Carlos Sánchez 0-0: Called Strike
0-1: Called Strike
0-2: Strikes out swinging, 2-3 out at first.
Pitching: LHP Dean White
Batting: RHB Jim Allen 0-0: Ball
1-0: Swinging Strike
1-1: SINGLE (Line Drive, 8RS)
Batting: RHB Roberto Andrade 0-0: Ball
1-0: Swinging Strike
1-1: Swinging Strike
1-2: Strikes out swinging
Pinch Hitting: RHB Michael Martin 0-0: Called Strike
0-1: Foul Ball, location: 2F
0-2: Fly out, F9 (Popup, 89S)
Top of the 8th over - 0 run(s), 1 hit(s), 0 error(s), 1 left on base; Yakima 11 - Helena 3
BOTTOM OF THE 8TH
Helena Grizzlies batting - Pitching for Yakima Hops : LHP Francisco López
Now at 3B: Michael Martin
Batting: RHB Pancho Salaedo 0-0: Ball
1-0: Called Strike
1-1: Foul Ball, location: 2F
1-2: Strikes out swinging
Batting: RHB Joe Chase 0-0: Called Strike
0-1: Ball
1-1: Fly out, F8 (Flyball, 8RM)
Batting: RHB Wilbur James 0-0: Fly out, F4 (Popup, 4D)
Bottom of the 8th over - 0 run(s), 0 hit(s), 0 error(s), 0 left on base; Yakima 11 - Helena 3
TOP OF THE 9TH
Yakima Hops batting - Pitching for Helena Grizzlies : LHP Dean White
Batting: RHB Miguel Fernández 0-0: Ground out 6-3 (Groundball, 6)
Batting: RHB Gabriel Maldonado 0-0: Ball
1-0: Fly out, F8 (Flyball, 8LD)
Batting: SHB Brian Ray 0-0: Called Strike
0-1: Foul Ball, location: 2F
0-2: Ball
1-2: Ball
2-2: Strikes out swinging
Top of the 9th over - 0 run(s), 0 hit(s), 0 error(s), 0 left on base; Yakima 11 - Helena 3
BOTTOM OF THE 9TH
Helena Grizzlies batting - Pitching for Yakima Hops : LHP Francisco López
Batting: LHB José Alonso 0-0: Ball
1-0: Foul Ball, location: 2F
1-1: Ball
2-1: Fly out, F7 (Popup, 78S)
Batting: RHB Emílio Ortíz 0-0: Called Strike
0-1: Ball
1-1: Ball
2-1: Ball
3-1: Ground out 6-3 (Groundball, 6)
Batting: RHB Jeremy Murphy 0-0: SINGLE (Line Drive, 8LS)
Batting: RHB Curt Pope 0-0: Ball
1-0: Ball
2-0: Ball
3-0: Base on Balls
Jeremy Murphy to second
Batting: RHB David Ramírez 0-0: Called Strike
0-1: Swinging Strike
0-2: Strikes out swinging
Bottom of the 9th over - 0 run(s), 1 hit(s), 0 error(s), 2 left on base; Yakima 11 - Helena 3
This league is powered by Out of the Park Baseball, the baseball management simulation game for PC, Mac and Linux
Saturday, July 25th, 2015 - OOTP Baseball 15.6 Build 34